Map: Abyssal Reef LE

Players

Yata

  • Race: Zerg Zerg
  • League: Gold
  • Spawn Location: 11:00

Sarak - Winner!

  • Race: Protoss Protoss
  • League: Gold
  • Spawn Location: 5:00

VOD

Have the link to the VOD?

Description

Time

  • Played on: Sept. 7, 2017, 10:39 p.m.
  • Length: 10:28
Show
View Real Time Build Order
Export as new Build Order

Yata Zerg 

Build Orders: Hatch First 

Get SALT Encoding   

  12  0:01  Drone  
  13  0:12  Overlord  
  13  0:19  Drone  
  14  0:30  Drone  
  14  0:31  Drone  
  14  0:34  Drone  
  17  0:57  Drone x2  
  19  1:08  Hatchery  
  18  1:14  Extractor  
  17  1:25  Spawning Pool  
  17  1:29  Drone  
  17  1:33  Drone  
  17  1:38  Drone  
  19  1:53  Overlord  
  19  1:56  Drone  
  20  2:06  Drone  
  21  2:12  Queen  
  22  2:38  Queen  
  22  2:39  Zergling x6  
  22  2:40  Zergling x4  
  29  2:45  Roach Warren  
  28  2:54  Spine Crawler  
  26  3:02  Zergling x2  
  26  3:03  Zergling x2  
  26  3:04  Zergling x4  
  29  3:20  Metabolic Boost  
  27  3:30  Roach x3  
  27  3:33  Overlord  
  28  3:54  Roach  
  28  3:55  Roach  
  30  4:08  Spine Crawler  
  30  4:09  Spine Crawler  
  28  4:16  Roach  
  28  4:20  Ravager x2  
  28  4:25  Drone x2  
  30  4:47  Overlord  
  30  4:48  Overlord x2  
  30  5:10  Roach x3  
  36  5:14  Spore Crawler  
  36  5:16  Roach  
  37  5:27  Ravager  
  38  5:33  Extractor  
  37  5:55  Roach x3  
  43  5:59  Drone x2  
  43  6:00  Drone  
  46  6:10  Ravager  
  47  6:29  Roach  
  47  6:30  Roach  
  51  6:44  Roach x2  
  53  6:48  Ravager  
  40  7:24  Roach x6  
  40  7:29  Ravager  
  53  7:34  Overlord x3  
  49  7:56  Hatchery  
  42  8:03  Evolution Chamber  
  42  8:04  Roach  
  43  8:12  Queen  
  45  8:31  Drone x3  
  45  8:32  Drone  
  49  8:42  Drone x2  
  51  8:55  Drone x2  
  53  9:00  Ravager  
  54  9:03  Drone x2  
  54  9:06  Drone  
  57  9:12  Drone  
  58  9:19  Drone x2  
  60  9:27  Spore Crawler  
  45  9:48  Zergling x2  
  45  9:49  Zergling x16  
  50  9:56  Zergling x4  
  48  10:06  Spore Crawler  
  47  10:08  Zergling x2  
  47  10:16  Spore Crawler  
  47  10:20  Spore Crawler  
Show
View Real Time Build Order
Export as new Build Order

Sarak Protoss - Winner!

Build Orders: Cannon Rush 

Get SALT Encoding   

  12  0:04  Probe (Chrono Boost)  
  13  0:17  Pylon  
  13  0:22  Probe (Chrono Boost)  
  14  0:32  Probe (Chrono Boost)  
  15  0:38  Forge  
  15  0:47  Pylon  
  16  0:50  Probe (Chrono Boost)  
  16  1:00  Probe (Chrono Boost)  
  17  1:12  Pylon  
  17  1:14  Probe (Chrono Boost)  
  18  1:34  Photon Cannon x2  
  18  1:41  Photon Cannon  
  18  1:47  Pylon  
  18  1:55  Probe (Chrono Boost)  
  19  2:05  Photon Cannon  
  19  2:07  Pylon  
  19  2:19  Pylon  
  19  2:27  Photon Cannon  
  19  2:30  Photon Cannon  
  20  2:37  Probe (Chrono Boost)  
  20  2:47  Probe (Chrono Boost)  
  20  2:50  Photon Cannon  
  21  3:15  Nexus  
  21  3:17  Pylon  
  21  3:24  Photon Cannon  
  21  3:30  Gateway  
  21  3:36  Assimilator  
  21  4:03  Probe (Chrono Boost)  
  21  4:07  Assimilator  
  22  4:14  Probe (Chrono Boost)  
  22  4:16  Gateway  
  23  4:27  Nexus, Probe x2 (Chrono Boost)  
  25  4:42  Cybernetics Core, Probe x2 (Chrono Boost)  
  28  4:53  Probe x2 (Chrono Boost)  
  29  5:03  Probe x2 (Chrono Boost)  
  31  5:09  Protoss Ground Weapons Level 1  
  31  5:12  Zealot x2  
  35  5:22  Pylon  
  35  5:26  Pylon  
  35  5:31  Photon Cannon  
  35  5:42  Pylon  
  35  5:51  Twilight Council  
  35  5:52  Probe x3 (Chrono Boost)  
  38  6:02  Probe x2 (Chrono Boost)  
  38  6:03  Zealot, Probe (Chrono Boost)  
  43  6:06  Zealot  
  45  6:13  Probe (Chrono Boost)  
  45  6:14  Probe x2 (Chrono Boost)  
  45  6:17  Assimilator  
  48  6:21  Assimilator  
  48  6:26  Probe x3 (Chrono Boost)  
  49  6:44  Probe x2 (Chrono Boost)  
  49  6:45  Probe (Chrono Boost)  
  49  6:47  Zealot x2  
  54  6:49  Charge (Chrono Boost)  
  54  6:54  Probe x2  
  54  6:56  Probe  
  54  6:57  Pylon  
  54  7:01  Pylon  
  57  7:05  Probe x2  
  57  7:07  Pylon  
  59  7:08  Probe  
  60  7:21  Probe x2  
  60  7:22  Probe  
  63  7:31  Probe x2  
  63  7:32  Zealot, Photon Cannon  
  63  7:33  Stalker  
  63  7:34  Photon Cannon, Probe  
  70  7:38  Pylon  
  70  7:41  Pylon  
  70  7:42  Stargate  
  70  7:43  Stargate  
  70  7:44  Probe  
  70  7:45  Probe  
  70  7:46  Stargate, Probe  
  72  8:00  Zealot  
  72  8:03  Zealot  
  76  8:06  Gateway  
  76  8:08  Gateway  
  76  8:09  Gateway  
  76  8:11  Probe x2  
  76  8:12  Probe  
  78  8:14  Gateway  
  78  8:16  Assimilator  
  79  8:20  Assimilator  
  79  8:27  Zealot  
  79  8:29  Void Ray  
  79  8:30  Void Ray  
  89  8:37  Void Ray  
  93  8:52  Zealot  
  93  8:53  Zealot  
  93  8:55  Zealot  
  99  8:56  Zealot  
  99  8:57  Zealot  
  99  9:01  Zealot  
  105  9:18  Pylon  
  105  9:22  Pylon  
  105  9:23  Void Ray x2  
  113  9:26  Void Ray  
  114  9:48  Zealot x3  
  114  9:49  Zealot x2  
Tags
 
Add a new tag
Caveats
  • Supply blocks, unpowered buildings, or Contaminate may cause inaccurate times.
  • Supply counts are checked every 10 seconds.